 Dungeon Crawl Stone Soup version 0.29-a0-757-g358383bc75 (webtiles) character file.

Game seed: 16982958360881655219

1155 avis the Chiller (level 7, -1/61 HPs)
             Began as a Demigod Ice Elementalist on June 30, 2022.
             Slain by Duvessa
             ... wielding a +0 short sword
              (8 damage)
             ... on level 5 of the Dungeon.
             The game lasted 00:36:08 (5993 turns).

avis the Chiller (Demigod Ice Elementalist)         Turns: 5993, Time: 00:36:15

Health: -1/61      AC: 11    Str:  9    XL:     7   Next: 94%
Magic:  6/14       EV: 12    Int: 17    God:
Gold:   145        SH:  0    Dex: 22    Spells: 2/12 levels left

rFire   . . .      SeeInvis .   a - +0 shortbow (freeze)
rCold   . . .      Faith    .   (shield currently unavailable)
rNeg    . . .      Spirit   .   c - +0 robe
rPois   .          Reflect  .   (no helmet)
rElec   .          Harm     .   d - +2 cloak
rCorr   .          Rampage  .   (no gloves)
Will    .....                   (no boots)
Stlth   ++........              (no amulet)
HPRegen 0.20/turn               (no ring)
MPRegen 0.14/turn               (no ring)

@: ice-armoured
A: high MP 1, forlorn, divine attributes
a: no special abilities


You were on level 5 of the Dungeon.
You visited 1 branch of the dungeon, and saw 5 of its levels.
You also visited: Sewer.

You collected 225 gold pieces.
You spent 80 gold pieces at shops.

Inventory:

Hand Weapons
 a - a +0 shortbow of freezing (weapon)
 b - a +0 rapier
 z - a +0 sling
 B - a +0 shortbow
Missiles
 k - 17 poisoned darts
 x - 6 boomerangs
 C - 5 curare-tipped darts
Armour
 c - a +0 robe (worn)
 d - a +2 cloak (worn)
 y - a scarf of resistance
Wands
 D - a wand of digging (7)
Scrolls
 f - 3 scrolls of teleportation {unknown}
 i - 8 scrolls of identify {unknown}
 l - a scroll of noise {unknown}
 m - 2 scrolls of immolation {unknown}
 n - 2 scrolls of blinking {unknown}
 q - 2 scrolls of fog {unknown}
 r - a scroll of enchant weapon {unknown}
 t - a scroll of magic mapping
 A - a scroll of vulnerability {unknown}
Potions
 e - 2 potions of magic
 g - a potion of might {unknown}
 h - 2 potions of curing
 j - 2 potions of berserk rage {unknown}
 o - a potion of degeneration {unknown}
 s - a potion of lignification {unknown}
 u - a potion of brilliance {unknown}
 v - a potion of mutation {unknown}
 w - a potion of invisibility {unknown}
 E - a potion of ambrosia {unknown}


   Skills:
 - Level 5.0 Fighting
 * Level 4.4 Ranged Weapons
 - Level 1.7 Dodging
 - Level 1.7 Stealth
 - Level 3.0 Spellcasting
 - Level 6.0 Ice Magic


You had 2 spell levels left.
You knew the following spells:

 Your Spells              Type           Power      Damage    Failure   Level
a - Freeze                Ice            88%        1d10      1%          1
f - Swiftness             Air            2%         N/A       45%         3
o - Ozocubu's Armour      Ice            22%        N/A       4%          3
r - Frozen Ramparts       Ice            44%        1d6       4%          3

Your spell library contained the following spells:

 Spells                   Type           Power      Damage    Failure   Level
 Ensorcelled Hibernation  Hex/Ice        24%        N/A       8%          2
 Summon Small Mammal      Summ           8%         N/A       17%         1
 Passwall                 Tmut/Erth      1%         N/A       26%         2
 Call Canine Familiar     Summ           2%         N/A       45%         3
 Spider Form              Tmut/Pois      2%         N/A       45%         3
 Summon Guardian Golem    Hex/Summ       2%         N/A       45%         3
 Hailstorm                Conj/Ice       12%        3d5       45%         4
 Anguish                  Hex/Necr       1%         N/A       86%         4


Dungeon Overview and Level Annotations

Branches:
Dungeon (5/15)              Sewer (visited)
 Temple: D:4-7

Shops:
D:3 !

Annotations:
D:5 Duvessa


Innate Abilities, Weirdness & Mutations

You have an increased reservoir of magic. (+10% MP)
You shall have no god before yourself.
Your divine heritage dramatically boosts your attributes as you level up.


Message History

You freeze Duvessa!
Duvessa is heavily wounded.
Duvessa hits you with a +0 short sword! Duvessa misses you.
Casting: Freeze (safe; 1% risk of failure)
Confirm with . or Enter, or press ? or * to list all spells.
Aiming: Freeze (safe; 1% risk of failure)
Press: ? - help, Shift-Dir - straight line, f/p - Duvessa
Aim: Duvessa, wielding a +0 short sword and wearing a +3 leather armour of willpower (heavily wounded, berserk)
You freeze Duvessa!
Duvessa is severely wounded.
Duvessa hits you with a +0 short sword.
Casting: Freeze (safe; 1% risk of failure)
Confirm with . or Enter, or press ? or * to list all spells.
Aiming: Freeze (safe; 1% risk of failure)
Press: ? - help, Shift-Dir - straight line, f/p - Duvessa
Aim: Duvessa, wielding a +0 short sword and wearing a +3 leather armour of willpower (severely wounded, berserk)
You freeze Duvessa.
Duvessa is severely wounded.
Duvessa hits you with a +0 short sword!
* * * LOW HITPOINT WARNING * * *
Duvessa hits you with a +0 short sword.
* * * LOW HITPOINT WARNING * * *
Your magical contamination has completely faded away.
You feel better. Duvessa hits you with a +0 short sword!
* * * LOW HITPOINT WARNING * * *
You feel much better. Duvessa hits you with a +0 short sword!
* * * LOW HITPOINT WARNING * * *
Duvessa hits you with a +0 short sword.
* * * LOW HITPOINT WARNING * * *
Okay, then.
Okay, then.
Casting: Freeze (safe; 1% risk of failure)
Confirm with . or Enter, or press ? or * to list all spells.
Aiming: Freeze (safe; 1% risk of failure)
Press: ? - help, Shift-Dir - straight line, f/p - Duvessa
Aim: Duvessa, wielding a +0 short sword and wearing a +3 leather armour of willpower (severely wounded, berserk)
You freeze Duvessa.
Duvessa is almost dead.
Duvessa hits you with a +0 short sword!
You die...

##.....# .#.....# ...#
.#.....# ...# . .'.....#
...# .. .#.....# ...#...
##.....# ...'. .......#
...
.......##########'###...
................@.......
.................e......
..................).....
.....)..................
........................
.....)..................
........................
########.....#########..
.......#.....#


You could see Duvessa (berserk).

Vanquished Creatures
  A water moccasin (D:5)
  A black bear (D:4)
  3 centaurs
  A phantom (D:4)
  2 scorpions (D:5)
  Dowan (D:5)
  2 orc priests
  A hound (D:4)
  3 iguanas
  Ijyb (D:5)
  2 orc wizards
  6 gnolls
  6 adders
  A river rat (D:4)
  4 worms
  6 orcs
  17 endoplasms
  3 giant cockroaches
  6 goblins
  13 hobgoblins
  5 quokkas
  14 ball pythons
  7 bats
  12 frilled lizards
  6 kobolds
  9 rats
133 creatures vanquished.

Notes
Turn   | Place    | Note
-------+----------+-------------------------------------------
     0 | D:1      | avis the Demigod Ice Elementalist began the quest for the
                  | Orb.
     0 | D:1      | Reached XP level 1. HP: 14/14 MP: 5/5
   127 | D:1      | Reached skill level 1 in Fighting
   265 | D:1      | Reached XP level 2. HP: 23/23 MP: 4/7
   332 | D:1      | Reached skill level 4 in Ice Magic
  1025 | D:2      | Reached XP level 3. HP: 29/29 MP: 8/8
  1129 | D:2      | Learned a level 3 spell: Ozocubu's Armour
  2157 | D:3      | Found Fimuck's Distillery.
  2161 | D:3      | Bought a potion of heal wounds for 50 gold pieces
  2522 | D:3      | Reached XP level 4. HP: 22/38 MP: 5/9
  3004 | D:3      | Bought a potion of curing for 30 gold pieces
  3254 | D:4      | Reached skill level 1 in Ranged Weapons
  3254 | D:4      | Reached XP level 5. HP: 41/45 MP: 3/12
  3255 | D:4      | Found a glowing drain.
  3271 | Sewer    | Entered a sewer
  4116 | D:4      | Noticed a black bear
  4128 | D:4      | Killed a black bear
  4129 | D:4      | Reached skill level 5 in Ice Magic
  4129 | D:4      | Reached XP level 6. HP: 49/51 MP: 4/13
  4531 | D:4      | Learned a level 3 spell: Frozen Ramparts
  4535 | D:4      | Learned a level 3 spell: Swiftness
  4901 | D:5      | Entered Level 5 of the Dungeon
  5047 | D:5      | Reached XP level 7. HP: 34/59 MP: 11/14
  5231 | D:5      | Reached skill level 6 in Ice Magic
  5599 | D:5      | Noticed Ijyb
  5610 | D:5      | Killed Ijyb
  5706 | D:5      | Reached skill level 5 in Fighting
  5974 | D:5      | Noticed Dowan
  5977 | D:5      | Noticed Duvessa
  5981 | D:5      | Killed Dowan
  5991 | D:5      | HP: 1/61 [Duvessa/+0 short sword (13)]
  5993 | D:5      | Slain by Duvessa

Illustrated notes

Levels and vault maps discovered:
D:1:      spicycebolla_arrival_clurvy, layout_rooms,
          shapermc_ecumenical_altar_totnotflames
D:2:      layout_basic, serial_forest, infiniplex_forest_zigzag_1,
          infiniplex_forest_clump_medium, infiniplex_forest_straight_2,
          infiniplex_forest_lined_2, infiniplex_forest_straight_4,
          infiniplex_forest_lined_room_, infiniplex_forest_straight_1,
          infiniplex_forest_straight_3
D:3:      minmay_skewed_foursquare, layout_rooms,
          nicolae_overflow_ecumenical_swirl, serial_shops, shop,
          roderic_lattice_a
D:4:      layout_loops_ring, minmay_overflow_temple_star_hex,
          gup_sewer_entry_bubbles, minmay_fractal_squares_gapless_5
D:5:      layout_gridville, minmay_temple_entry_fiery, corexii_leaking_fountain,
          uniq_ijyb, uniq_duvessa

Skill      XL: |  1  2  3  4  5  6  7 |
---------------+----------------------+-----
Fighting       | 1 2 3 4 5 |  5.0
Ice Magic      | 4 5 6 |  6.0
Spellcasting   | 2 3 |  3.0
Ranged Weapons | 1 2 4 |  4.4
Dodging        | |  1.7
Stealth        | |  1.7

Action                   |  1- 3 |  4- 6 |  7- 9 || total
-------------------------+-------+-------+-------++-------
Melee: Dagger            |       |     4 |       ||     4
       Rapier            |       |     3 |       ||     3
 Fire: Sling             |   130 |    99 |       ||   229
       Shortbow          |       |    27 |    68 ||    95
Throw: Dart              |       |     7 |       ||     7
 Cast: Freeze            |    44 |    59 |    22 ||   125
       Ozocubu's Armour  |     3 |    10 |     7 ||    20
  Use: Scroll            |       |     2 |       ||     2
       Potion            |       |       |     3 ||     3
 Stab: Sleeping          |       |     1 |       ||     1
Armor: Robe              |    13 |    39 |    16 ||    68
Dodge: Dodged            |    19 |    72 |    25 ||   116

Table legend: (Time is in decaauts)
 A = Elapsed time spent in this place.
 B = Non-inter-level travel time spent in this place.
 C = Inter-level travel time spent in this place.
 D = Time resting spent in this place.
 E = Time spent auto-exploring this place.
 F = Levels seen in this place.
 G = Mean time per level.
                   A        B        C        D        E       F      G
               +--------+--------+--------+--------+--------+-----+--------+
         Total |   6197 |   5677 |    520 |   1692 |   2601 |   6 | 1032.8 |
       Dungeon |   5751 |   5231 |    520 |   1625 |   2422 |   5 | 1150.2 |
         Sewer |    445 |    445 |      0 |     67 |    179 |   1 |  445.0 |
               +--------+--------+--------+--------+--------+-----+--------+

Top non-repeatable levels by time:
     D:4: 1522 daAuts
     D:3: 1309 daAuts
     D:2: 1078 daAuts
     D:5: 1054 daAuts
     D:1: 786 daAuts
   Sewer: 445 daAuts
